 Dungeon Crawl Stone Soup version 0.22-a0-410-g97be04f (webtiles) character file.

57 4thArraOfDagon the Magician (level 3, -1/24 HPs)
             Began as a Mummy Fire Elementalist on May 11, 2018.
             Killed from afar by nikopol's ghost (25 damage)
             ... with a puff of flame
             ... on level 6 of the Dungeon.
             The game lasted 00:03:52 (866 turns).

4thArraOfDagon the Magician (MuFE)                   Turns: 866, Time: 00:03:53

Health: -1/24      AC:  5    Str: 11    XL:     3   Next: 73%
Magic:  4/7        EV: 11    Int: 15    God:
Gold:   82         SH:  4    Dex: 12    Spells: 4/8 levels left

rFire    x . .     SeeInvis .   j - +1 spear
rCold    + . .     Gourm    .   i - +1 buckler {rN+}
rNeg     + + +     Faith    .   a - +0 robe
rPois    ∞         Spirit   .   (no helmet)
rElec    .         Reflect  .   (no cloak)
rCorr    .         Harm     .   (no gloves)
MR       .....                  c - +2 pair of boots
Stlth    ++........             (no amulet)
HPRegen  0.08/turn              (no ring)
MPRegen  0.10/turn              (no ring)

@: no status effects
A: no food or potions, fire vulnerability, cold resistance 1, negative energy
resistance 3, torment resistance, unbreathing
a: no special abilities


You were on level 6 of the Dungeon.
You were not hungry.

You visited 1 branch of the dungeon, and saw 7 of its levels.

You collected 82 gold pieces.

Inventory:

Hand Weapons
 j - a +1 spear (weapon)
Armour
 a - a +0 robe (worn)
 c - a +2 pair of boots (worn)
 i - a +1 buckler of positive energy (worn)
Scrolls
 b - a scroll of teleportation
 e - a scroll of amnesia
 h - a scroll of immolation


   Skills:
 - Level 1.5 Dodging
 - Level 1.5 Stealth
 + Level 3.3 Spellcasting
 * Level 1.9 Conjurations
 * Level 3.1 Fire Magic


You had 4 spell levels left.
You knew the following spells:

 Your Spells              Type           Power        Failure   Level  Hunger
a - Flame Tongue          Conj/Fire      ##...        12%         1    N/A
b - Conjure Flame         Conj/Fire      ##......     34%         3    N/A

Dungeon Overview and Level Annotations

Branches:
Dungeon (7/15)
 Temple: D:4-7

Altars:
Qazlal
Trog
Uskayaw
Wu Jian
Xom

Annotations:
D:6 nikopol's ghost, novice DEFE


Innate Abilities, Weirdness & Mutations

You do not eat or drink.
Your flesh is vulnerable to fire.
You are immune to poison.
Your flesh is cold resistant. (rC+)
You are immune to negative energy. (rN+++)
You are immune to unholy pain and torment.
You can survive without breathing.


Message History

Unknown command.
Casting: Flame Tongue (safe; 12% risk of failure)
Confirm with . or Enter, or press ? or * to list all spells.
Aiming: Conjure Flame (safe; 34% risk of failure)
Press: ? - help, Dir - move target cursor, f - nikopol's ghost
Aim: nikopol's ghost
Okay, then.
Unknown command.
Unknown command.
Casting: Conjure Flame (safe; 34% risk of failure)
Confirm with . or Enter, or press ? or * to list all spells.
Aiming: Conjure Flame (safe; 34% risk of failure)
Press: ? - help, Dir - move target cursor The fire ignites!
Nikopol's ghost casts a spell at you. The puff of flame misses you.
Nikopol's ghost gestures at you while chanting.
The puff of flame hits you! The fire burns you terribly!
Ouch! That really hurt!
You die...

#......#...#
#......#...# #####
#..........#
......#######..........#
....s.W.W..##...........
####.###§###.......#...#
#.#§...§#.#######...#
#.#.....#.# #...#
#...@_....# #....
###.....### #.#.#
#....§# #.#.# ###.###
#.#.# #.#.# #.#.# #...#
#.#.# ###.# #.#.#
#.#########.#.#
#..........<%.#


You could see nikopol's ghost.

Vanquished Creatures
  A worker ant (D:6)
  An adder (D:3)
  An ooze (D:5)
  A dart slug (D:4)
  2 leopard geckos
  3 bats
  2 goblins
  2 hobgoblins
  2 kobolds (D:1)
  3 frilled lizards
  A rat (D:1)
19 creatures vanquished.

Notes
Turn   | Place    | Note
-------+----------+-------------------------------------------
     0 | D:1      | 4thArraOfDagon the Mummy Fire Elementalist began the quest for the Orb.
     0 | D:1      | Reached XP level 1. HP: 13/13 MP: 4/4
   128 | D:1      | Reached skill level 1 in Conjurations
   141 | D:1      | Reached XP level 2. HP: 19/19 MP: 1/5
   209 | D:2      | Found a shimmering altar of Xom.
   212 | D:2      | Found an ornate altar of the Wu Jian Council.
   327 | D:2      | Found a bloodstained altar of Trog.
   329 | D:2      | Found a hide-covered altar of Uskayaw.
   540 | D:4      | Noticed a phantom
   555 | D:4      | Noticed a scorpion
   698 | D:5      | Entered Level 5 of the Dungeon
   739 | D:5      | Reached XP level 3. HP: 24/24 MP: 4/7
   744 | D:5      | Learned a level 3 spell: Conjure Flame
   828 | D:6      | Found a stormy altar of Qazlal.
   856 | D:6      | Noticed a scorpion
   857 | D:6      | Noticed nikopol's ghost (novice DEFE)
   866 | D:6      | Killed from afar by nikopol's ghost

Vault maps used:
D:1:      minmay_arrival_widening_spiral_wide, st_stairs_3, chequers_big_river
D:2:      old_standard_altar, nicolae_overflow_hidden_temple,
          minmay_misc_feat_more_columns, fedhas_altar_2
D:3:      nicolae_ashenzari_panopticon
D:4:      nicolae_overflow_crystal_walls, kennysheep_little_box, first_ration
D:5:      grunt_gozag_statues, gammafunk_temple_overflow_elements,
          kennysheep_crisscross
D:6:      grunt_qazlal_clouds, temple_doors_e
D:7:      lemuel_castle_with_subvaults, serial_shops, shop

Skill      XL: |  1  2  3 |
---------------+----------+-----
Conjurations   | 1 |  1.9
Spellcasting   | 3 |  3.3
Fire Magic     | 3 |  3.1
Dodging        | |  1.5
Stealth        | |  1.5

Action                   || total
-------------------------++-------
Melee: Unarmed           ||     6
       Spear             ||     3
 Cast: Flame Tongue      ||    37
       Conjure Flame     ||     1
  Use: Scroll            ||     5
Armor: Robe              ||     7
Dodge: Dodged            ||    19

Table legend:
 A = Spawn XP
 B = Non-spawn XP
 C = Spawn XP percentage of total XP
 D = Spawn monster count
 E = Non-spawn monster count
 F = Spawn count percentage of total count
 G = Total turns spent on level
                    A         B        C        D         E        F      G
               +---------+---------+-------+---------+---------+-------+---------
         Total |       0 |      82 |   0.0 |       0 |      19 |   0.0 |   866
               +---------+---------+-------+---------+---------+-------+---------
           D:1 |       0 |      13 |   0.0 |       0 |       8 |   0.0 |   200
           D:2 |       0 |       7 |   0.0 |       0 |       4 |   0.0 |   234
           D:3 |       0 |      16 |   0.0 |       0 |       3 |   0.0 |    99
           D:4 |       0 |       4 |   0.0 |       0 |       1 |   0.0 |   165
           D:5 |       0 |       7 |   0.0 |       0 |       1 |   0.0 |    68
           D:6 |       0 |      35 |   0.0 |       0 |       2 |   0.0 |    98
               +---------+---------+-------+---------+---------+-------+---------
